 Dungeon Crawl Stone Soup version 0.30-a0-166-g5d06c95188 (webtiles) character file.

Game seed: 14386598074181778871

8 qw the Shield-Bearer (level 2, 0/19 HPs)
             Began as a Gargoyle Fighter on Sept 29, 2022.
             Slain by a ball python (2 damage)
             ... on level 2 of the Dungeon.
             The game lasted 00:00:05 (301 turns).

qw the Shield-Bearer (Gargoyle Fighter)              Turns: 301, Time: 00:00:06

Health: 0/19       AC:  9    Str: 19    XL:     2   Next: 8%
Magic:  2/2        EV:  6    Int:  8    God:
Gold:   15         SH:  4    Dex:  9    Spells: 1/1 levels left

rFire   . . .      SeeInvis .    a - +0 war axe
rCold   . . .      Faith    .    c - +0 buckler
rNeg    + . .      Spirit   .    b - +0 scale mail
rPois   inf        Reflect  .    (no helmet)
rElec   +          Harm     .    (no cloak)
rCorr   .          Rampage  .    (no gloves)
Will    .....                    (no boots)
Stlth   ..........               (no amulet)
HPRegen 0.06/turn                (no ring)
MPRegen 0.08/turn                (no ring)

@: constricted
A: sickness immunity, AC +2, negative energy resistance 1, electricity
resistance, torment resistance 1, petrification resistance
a: no special abilities


You were on level 2 of the Dungeon.
You visited 1 branch of the dungeon, and saw 2 of its levels.

You collected 15 gold pieces.


Innate Abilities, Weirdness & Mutations

You are immune to sickness and miasma.
Your stone body is resilient. (AC +2)
You are immune to poison.
You resist negative energy. (rN+)
You are resistant to electric shocks. (rElec)
You are resistant to unholy torment.
You are immune to petrification.


   Skills:
 - Level 3.2 Fighting
 + Level 2.5 Axes
 - Level 3.2 Armour
 - Level 3.2 Shields


You had one spell level left.
You didn't know any spells.
Your spell library was empty.

Inventory:

Hand Weapons
 a - a +0 war axe (weapon)
Armour
 b - a +0 scale mail (worn)
 c - a +0 buckler (worn)
Scrolls
 f - a scroll of identify {unknown}
Potions
 d - a potion of might
 e - a potion of degeneration {unknown}
 g - a potion of curing {unknown}
 h - a potion of flight {unknown}

Dungeon Overview and Level Annotations

Branches:
Dungeon (2/15)

Altars:


Message History

You slash the worm!
The worm is heavily wounded.
You slash the worm!
You kill the worm!
You have reached level 2!
You open the door.
There is an open door here.
A giant cockroach and a ball python come into view.
The ball python hisses angrily.
A gnoll comes into view.
It is wielding a +1 flail of protection.
Enter note:
290 ||| Stepping ~*~*~tactically~*~*~ (stealth).
A giant cockroach and a gnoll come into view.
The gnoll shouts! x2
A gnoll comes into view. It is wielding a +0 spear.
The gnoll moves out of view.
293 ||| Stepping ~*~*~tactically~*~*~ (stealth).
You hit the giant cockroach but do no damage.
The giant cockroach bites you but does no damage.
The giant cockroach waves its antennae.
The giant cockroach bites you but does no damage.
You closely miss the giant cockroach. You block the giant cockroach's attack.
The giant cockroach closely misses you.
You hit the giant cockroach.
You kill the giant cockroach!
You hit the gnoll but do no damage. The gnoll hits you with a +0 flail.
You closely miss the gnoll. You slash the gnoll!
The gnoll hits you with a +1 flail of protection.
The ball python barely misses you. The ball python grabs you.
The ball python constricts you.
The gnoll hits you with a +1 flail of protection.
The gnoll closely misses you.
You completely miss the ball python. You hit the gnoll.
You barely miss the gnoll. You block the ball python's attack.
The ball python constricts you. The gnoll barely misses you.
The gnoll hits you with a +0 flail.
You barely miss the ball python. You barely miss the gnoll. You hit the gnoll.
The ball python bites you.
You die...

g.....#..# # .g
..#..# .#
.......#..# #+
.#....#..# #.
....... #
#.#####g.#.#
#.#.....g.S..##.#
#.#......@g..!..#
#......###.######
#..........#
#......########
#......'.......
.#####....%.########
............#
#...........#
#.........###


You could see 3 gnolls and a ball python.

Vanquished Creatures
  A worm (D:2)
  A giant cockroach (D:2)
  A hobgoblin (D:2)
  A bat (D:1)
  A frilled lizard (D:1)
  A kobold (D:1)
6 creatures vanquished.

Notes
Turn   | Place    | Note
-------+----------+-------------------------------------------
     0 | D:1      | qw the Gargoyle Fighter began the quest for the Orb.
     0 | D:1      | Reached XP level 1. HP: 14/14 MP: 1/1
     0 | D:1      | 0 ||| qw: Version: 0.2-a-12-gaebbb33
     0 | D:1      | 0 ||| qw: Game counter: 1024
     0 | D:1      | 0 ||| qw: Always use a shield: true
     0 | D:1      | 0 ||| qw: God list: Okawaru
     0 | D:1      | 0 ||| qw: Allow faded altars: false
     0 | D:1      | 0 ||| qw: Do Orc after D:15 true
     0 | D:1      | 0 ||| qw: Do second Lair branch before Depths: true
     0 | D:1      | 0 ||| qw: Lair rune preference: random
     0 | D:1      | 0 ||| qw: Plans: Normal, Zot:1-4, God:TSO, Crypt, Tomb,
                  | Pan, Slime:5, Hells, Abyss, Orb
     0 | D:1      | 0 ||| PLANNING D:1-11
   255 | D:1      | You fall into a shaft and drop 1 floor!
   279 | D:2      | Reached XP level 2. HP: 19/19 MP: 2/2
   290 | D:2      | 290 ||| Stepping ~*~*~tactically~*~*~ (stealth).
   293 | D:2      | 293 ||| Stepping ~*~*~tactically~*~*~ (stealth).
   300 | D:2      | HP: 1/19 [gnoll/+0 flail (5)]
   301 | D:2      | Slain by a ball python

Levels and vault maps discovered:
D:1:      onia_arrival_mini_spirals, layout_basic,
          hellmonk_ecumenical_altar_inner_sanctum
D:2:      layout_basic

Skill      XL: |  1 |
---------------+----+-----
Axes           | 2 |  2.5
Fighting       | |  3.2
Armour         | |  3.2
Shields        | |  3.2

Action                   || total
-------------------------++-------
Melee: War axe           ||    19
Armor: Scale mail        ||     4
Dodge: Dodged            ||     9
Block: Buckler           ||     3

Table legend:
 A = Non-vault XP
 B = Vault XP
 C = Vault XP percentage of total XP
 D = Non-vault monster count
 E = Vault monster count
 F = Vault count percentage of total count
                 A         B        C        D         E       F
            +---------+---------+-------+---------+---------+-------
      Total |      12 |       0 |   0.0 |       6 |       0 |   0.0
            +---------+---------+-------+---------+---------+-------
        D:1 |       3 |       0 |   0.0 |       3 |       0 |   0.0
        D:2 |       9 |       0 |   0.0 |       3 |       0 |   0.0
            +---------+---------+-------+---------+---------+-------
